 Dungeon Crawl Stone Soup version 0.28-a0-1374-ga75cb3825e (webtiles) character file.

Game seed: 2699231313554394072

95780 ders the Earth Mage (level 16, -4/68 HPs)
             Began as a Gargoyle Earth Elementalist on Dec 31, 2021.
             Was a High Priest of Vehumet.
             Collided with a rock wall (24 damage)
             ... caused by a wretched star
             ... on level 2 of the Abyss.
             The game lasted 01:02:47 (38764 turns).

ders the Earth Mage (Gargoyle Earth Elementalist)  Turns: 38764, Time: 01:02:47

Health: -4/68      AC: 26    Str: 12      XL:     16   Next: 15%
Magic:  0/27       EV: 12    Int: 32 (33) God:    Vehumet [*****.]
Gold:   3104       SH:  7    Dex: 10      Spells: 0/43 levels left

rFire   . . .      SeeInvis +   n - staff of conjuration
rCold   + + .      Faith    .   y - +3 buckler
rNeg    + . .      Spirit   .   x - +3 leather armour {rC+}
rPois   ∞          Reflect  .   E - +2 hat {Int+3}
rElec   +          Harm     .   W - +2 cloak
rCorr   .          Rampage  .   (no gloves)
Will    +....                   p - +2 pair of boots
Stlth   +++.......              (no amulet)
HPRegen 0.21/turn               k - +6 ring of intelligence
MPRegen 0.20/turn               I - ring of the Seven Demons {rPois rC+ SInv}

@: flying
A: sickness immunity, AC +12, big wings, negative energy resistance 1,
electricity resistance, torment resistance 1, petrification resistance, frail 1,
[low mp 2]
a: Renounce Religion


You were on level 2 of the Abyss.
You worshipped Vehumet.
Vehumet was extremely pleased with you.
You visited 4 branches of the dungeon, and saw 23 of its levels.
You visited the Abyss 1 time.
You also visited: Ice Cave.

You collected 3104 gold pieces.

Inventory:

Hand Weapons
 S - the +12 mace "Puthrom" {vorpal, rPois Int+4 Dex+2}
   (You found it on level 11 of the Dungeon)

   It inflicts extra damage upon your enemies.
   Int:       It affects your intelligence (+4).
   Dex:       It affects your dexterity (+2).
   rPois:     It protects you from poison.
Missiles
 c - 673 stones
 r - 6 throwing nets
 T - 5 silver javelins
Armour
 p - a +2 pair of boots (worn)
 x - a +3 leather armour of cold resistance (worn)
 y - a +3 buckler (worn)
 E - a +2 hat of intelligence (worn)
 W - a +2 cloak (worn)
Magical Staves
 n - a staff of conjuration (weapon)
Jewellery
 e - a ring of willpower
 k - a +6 ring of intelligence (left hand)
 l - an amulet of reflection
 s - a ring of resist corrosion
 I - the ring of the Seven Demons (right hand) {rPois rC+ SInv}
   (You acquired it on level 2 of the Lair of Beasts)

   [ring of see invisible]

   rC:        It protects you from cold.
   rPois:     It protects you from poison.
   SInv:      It lets you see invisible.
Wands
 h - a wand of digging (8)
 w - a wand of paralysis (13)
 H - a wand of charming (8)
 J - a wand of acid (16)
 L - a wand of mindburst (13)
Scrolls
 a - a scroll of enchant armour
 d - 16 scrolls of identify
 g - a scroll of blinking
 i - 7 scrolls of amnesia
 u - a scroll of fog
 z - a scroll of summoning
 B - 3 scrolls of magic mapping
 C - 5 scrolls of teleportation
 N - 3 scrolls of brand weapon
 P - a scroll of torment
 Y - a scroll of enchant weapon
 Z - a scroll of fear
Potions
 b - 3 potions of magic
 f - 12 potions of curing
 j - 3 potions of cancellation
 m - 3 potions of attraction
 o - 2 potions of berserk rage
 q - 5 potions of mutation
 t - a potion of invisibility
 v - 4 potions of flight
 A - 2 potions of haste
 F - 2 potions of brilliance
 G - 13 potions of ambrosia
 K - 3 potions of degeneration
 M - 2 potions of lignification
 O - a potion of might
Miscellaneous
 Q - a condenser vane


   Skills:
 + Level 4.8 Dodging
 + Level 7.1 Stealth
 - Level 4.0 Shields
 * Level 14.3 Spellcasting
 * Level 16.5 Conjurations
 - Level 0.7 Transmutations
 * Level 4.1 Fire Magic
 - Level 4.7 Air Magic
 + Level 18.0 Earth Magic


You couldn't memorise any spells.
You knew the following spells:

 Your Spells              Type           Power      Damage    Failure   Level
a - Stone Arrow           Conj/Erth      100%       3d13      0%          3
b - Iron Shot             Conj/Erth      58%        9d11      1%          6
c - Swiftness             Air            52%        N/A       1%          3
d - Leda's Liquefaction   Hex/Erth       34%        N/A       1%          4
e - Petrify               Tmut/Erth      70%        N/A       1%          4
f - Borgnjor's Vile Clut  Necr/Erth      34%        N/A       1%          5
g - Lee's Rapid Deconstr  Erth           47%        3d24*     1%          5
h - Fulminant Prism       Conj/Hex       42%        3d20      1%          4
i - Starburst             Conj/Fire      46%        6d13      1%          6
j - Sandblast             Erth           100%       2d20      0%          1
k - Passwall              Tmut/Erth      58%        N/A       1%          2

Your spell library contained the following spells:

 Spells                   Type           Power      Damage    Failure   Level
 Poisonous Vapours        Pois/Air       76%        N/A       1%          2
 Scorch                   Fire           98%        2d10      1%          2
 Static Discharge         Conj/Air       95%        N/A       1%          2
 Animate Armour           Summ/Erth      100%       N/A       1%          4
 Iskenderun's Mystic Bla  Conj/Tloc      85%        2d17      1%          4
 Sticky Flame             Conj/Fire      93%        2d10      1%          4
 Animate Skeleton         Necr           44%        N/A       2%          1
 Apportation              Tloc           44%        N/A       2%          1
 Slow                     Hex            88%        N/A       2%          1
 Sting                    Tmut/Pois      100%       1d8       2%          1
 Summon Small Mammal      Summ           88%        N/A       2%          1
 Wereblood                Tmut           27%        N/A       2%          2
 Ensorcelled Hibernation  Hex/Ice        44%        N/A       3%          2
 Spider Form              Tmut/Pois      25%        N/A       6%          3
 Olgreb's Toxic Radiance  Pois           22%        N/A       7%          4
 Call Canine Familiar     Summ           22%        N/A       8%          3
 Confusing Touch          Hex            22%        N/A       8%          3
 Portal Projectile        Hex/Tloc       44%        N/A       8%          3
 Tukima's Dance           Hex            22%        N/A       8%          3
 Vampiric Draining        Necr           22%        2d7       8%          3
 Dispel Undead            Necr           22%        3d12      24%         4
 Alistair's Intoxication  Tmut/Pois      16%        N/A       52%         5
 Dispersal                Tloc           11%        N/A       98%         6
 Enfeeble                 Hex            11%        N/A       100%        7
 Summon Hydra             Summ           11%        N/A       100%        7
 Disjunction              Tloc           11%        N/A       100%        8
 Dragon's Call            Summ           11%        N/A       100%        9
 Sublimation of Blood     Necr           Unusable   N/A       N/A         2

Dungeon Overview and Level Annotations

Branches:
Dungeon (15/15)            Temple (1/1) D:5            Lair (6/6) D:11
  Snake (0/4) Lair:4       Spider (0/4) Lair:4        Slime (0/5) Lair:5
    Orc (1/2) D:11         Vaults (0/5) D:13         Depths (0/4) D:15
  IceCv (visited)

Altars:
Ashenzari
Cheibriados
Dithmenos
Elyvilon
Fedhas
Gozag
Hepliaklqana
Kikubaaqudgha
Makhleb
Nemelex Xobeh
Okawaru
Qazlal
Ru
Sif Muna
Trog
Uskayaw
Vehumet
Wu Jian
Xom
Yredelemnul
Zin
The Shining One
Jiyva

Shops:
D:9 =*

Annotations:
D:15 3 runed translucent doors, Jais Joink's ghost, adept FoFi
Lair:6 3 runed translucent doors, pigah's ghost, journeyman OpWn
Orc:1 Erolcha


Innate Abilities, Weirdness & Mutations

You are immune to sickness and miasma.
Your stone body is resilient. (AC +12)
You are immune to poison.
Your large and strong wings let you fly.
You resist negative energy. (rN+)
You are resistant to electric shocks. (rElec)
You are resistant to unholy torment.
You are immune to petrification.
You are frail. (-10% HP)
[Your magical capacity is very low. (-20% MP)]


Message History

Press: ? - help, Dir - move target A rock wall.
The sixfirhy hits you but does no damage. x2
The thrashing horror tramples you but does no damage. x2
The large abomination hits you but does no damage.
A starcursed mass splits.
The starcursed mass shrieks in your mind.
The large abomination closely misses you.
You begin to meditate on the wall.
You continue meditating on the rock.
You block the large abomination's attack.
You continue meditating on the rock.
The thrashing horror tramples you!
You hold your ground!
The thrashing horror tramples you but does no damage. x2
You block the thrashing horror's attack.
The sixfirhy barely misses you.
The large abomination barely misses you.
A starcursed mass splits.
A chorus of shrieks assaults your mind.
You finish merging with the rock.
You feel much better.
Casting: Passwall (safe; 1% risk of failure)
Confirm with . or Enter, or press ? or * to list all spells.
Aiming: Stone Arrow (safe; 0% risk of failure)
Press: ? - help, Shift-Dir - straight line, f - wretched star
Aim: a wretched star (wandering, hasn't noticed you, 78% to hit)
You feel a surge of power!
The stone arrow hits the wretched star!!
The wretched star is moderately damaged.
Unknown command.
Casting: Stone Arrow (safe; 0% risk of failure)
Confirm with . or Enter, or press ? or * to list all spells.
You don't have enough magic to cast this spell.
You hit the wretched star but do no damage.
The wretched star is moderately damaged.
The wretched star glows turbulently.
The lance of force hits you!!
* * * LOW HITPOINT WARNING * * *
You are knocked back by the lance of force.
You slam into the rock wall!
You die...

#.#b#x#b#
...#..... #
..## .#####
#.. ... #.#
###X..
#.###.....
#.#.#.X##X.
##.#.......#
#*@#. ###...
####3X#
#.#.....#
#X#...h#.
##.#..#X. .
## . .. #..
##


You could see a wretched star.

Vanquished Creatures
  Gastronok (D:9)
  An ironbound preserver (D:13)
  4 dire elephants (Lair:6)
  Josephine (D:12)
  2 fire dragons (D:15)
  Harold (D:8)
  Fannar (Lair:2)
  12 hydras
  A rakshasa (D:15)
  Erica (Lair:1)
  2 boulder beetles
  A death knight (D:13)
  3 centaur warriors
  2 two-headed ogres
  A death yak (Lair:6)
  Urug (Lair:5)
  A spectral dire elephant (Lair:6)
  2 tengu warriors
  A thrashing horror (Abyss:2)
  Sonja (Lair:4)
  10 skeletal warriors (D:13)
  A glowing orange brain (shapeshifter) (D:13)
  An obsidian statue (Lair:6)
  2 spectral death yaks (Lair:6)
  A spectral anaconda (Lair:6)
  A wizard (D:12)
  A lindwurm (Lair:5)
  4 necromancers (Lair:6)
  6 ugly things
  3 oklob plants
  A cyclops (D:11)
  3 manticores
  Maurice (D:8)
  9 elephants
  4 black mambas (Lair:5)
  A torpor snail (Lair:6)
  2 ice statues (IceCv)
  9 cane toads
  Joseph (D:9)
  Maggie (D:6)
  3 efreet (D:15)
  3 unseen horrors
  7 rime drakes
  A dire elephant skeleton (Lair:6)
  A kobold demonologist (D:12)
  Psyche (D:8)
  An entropy weaver simulacrum (IceCv)
  6 komodo dragons
  5 ice devils (IceCv)
  2 tengu conjurers
  An ancient zyme (Abyss:2)
  A queen bee (Lair:1)
  5 polar bears (Lair:5)
  3 hornets
  Grinder (D:3)
  3 trolls
  Prince Ribbit (D:8)
  14 slime creatures
  A raiju (Abyss:2)
  28 blink frogs
  6 dream sheep (Lair:6)
  A centaur simulacrum (D:13)
  2 shadows (D:11)
  A vampire (D:12)
  Sigmund (D:3)
  7 wraiths
  49 yaks
  3 dire elephant simulacra (IceCv)
  A fire bat (Abyss:2)
  4 wyverns
  2 redbacks (Lair:4)
  A neqoxec (Abyss:2)
  5 basilisks
  3 small abominations (Abyss:2)
  5 nagas (Lair:4)
  3 vampire mosquitoes
  A spectral cane toad (Lair:6)
  A warg (D:11)
  6 harpy simulacra (IceCv)
  21 water moccasins
  Duvessa (D:5)
  17 orc warriors
  2 elephant zombies (Lair:6)
  3 large abominations (Abyss:2)
  2 black bears
  2 sky beasts
  5 ogres
  22 wolves
  4 boggarts (Lair:5)
  2 phantoms
  A centaur (D:12)
  A kobold brigand (D:8)
  Blork the orc (D:5)
  3 wyvern zombies
  2 gnoll sergeants
  7 bullfrogs
  2 scorpions
  Dowan (D:5)
  38 killer bees
  An oklob sapling (D:11)
  A vampire bat (Lair:5)
  12 wights
  An electric eel (Lair:1)
  6 howler monkeys
  A bullfrog zombie (D:6)
  8 hounds
  2 jellies
  8 orc priests
  6 centaur zombies
  A centaur skeleton (D:6)
  Natasha (thrice) (D:3 D:6)
  2 gnoll shamans
  A bullfrog skeleton (D:7)
  An iguana (D:6)
  Ijyb (D:5)
  16 orc wizards
  A polar bear simulacrum (IceCv)
  A howler monkey zombie (D:9)
  Robin (D:2)
  12 adders
  A howler monkey skeleton (D:5)
  22 gnolls
  A naga simulacrum (IceCv)
  3 white imps
  A worm (D:2)
  3 dart slugs
  59 orcs
  14 ball pythons
  13 bats
  5 endoplasms
  8 giant cockroaches
  18 goblins
  7 hobgoblins
  2 quokkas
  5 frilled lizards
  13 kobolds
  4 rats
  5 fulminant prisms
699 creatures vanquished.

Vanquished Creatures (others)
  A bush (Lair:2)
  9 fulminant prisms
  58 fungi
  75 plants
  21 withered plants (Lair:6)
164 creatures vanquished.

Grand Total: 863 creatures vanquished

Notes
Turn   | Place    | Note
-------+----------+-------------------------------------------
     0 | D:1      | ders the Gargoyle Earth Elementalist began the quest for
                  | the Orb.
     0 | D:1      | Reached XP level 1. HP: 10/10 MP: 3/3
   188 | D:1      | Reached XP level 2. HP: 12/15 MP: 0/5
   360 | D:1      | Found a faded altar of an unknown god.
   396 | D:1      | Reached skill level 1 in Conjurations
   413 | D:1      | Reached skill level 4 in Earth Magic
   790 | D:2      | Reached XP level 3. HP: 19/19 MP: 2/6
   834 | D:2      | Found a stormy altar of Qazlal.
  1152 | D:2      | Noticed Robin
  1177 | D:2      | Reached XP level 4. HP: 19/24 MP: 0/8
  1280 | D:2      | Learned a level 3 spell: Stone Arrow
  1505 | D:2      | Killed Robin
  1882 | D:3      | Found a white marble altar of Elyvilon.
  1883 | D:3      | Noticed Natasha
  1885 | D:3      | Killed Natasha
  1886 | D:3      | Reached XP level 5. HP: 28/28 MP: 5/9
  2039 | D:3      | Noticed Sigmund
  2040 | D:3      | Noticed Natasha
  2059 | D:3      | Killed Sigmund
  2060 | D:3      | Reached skill level 5 in Earth Magic
  2060 | D:3      | Reached XP level 6. HP: 31/32 MP: 0/11
  2397 | D:3      | Noticed Grinder
  2410 | D:3      | Killed Grinder
  2411 | D:3      | Reached skill level 6 in Earth Magic
  2411 | D:3      | Reached XP level 7. HP: 35/36 MP: 0/13
  3907 | D:5      | Entered Level 5 of the Dungeon
  3967 | D:5      | Reached skill level 5 in Conjurations
  4151 | D:5      | Noticed Duvessa
  4151 | D:5      | Noticed Dowan
  4153 | D:5      | Killed Duvessa
  4154 | D:5      | Reached skill level 5 in Spellcasting
  4154 | D:5      | Reached skill level 7 in Earth Magic
  4154 | D:5      | Reached XP level 8. HP: 29/41 MP: 8/15
  4155 | D:5      | Killed Dowan
  4503 | D:5      | Noticed Blork the orc
  4506 | D:5      | Found a staircase to the Ecumenical Temple.
  5096 | D:5      | Noticed Ijyb
  5101 | D:5      | Killed Ijyb
  5237 | D:4      | Reached skill level 8 in Earth Magic
  5421 | D:5      | Killed Blork the orc
  5752 | D:5      | Reached XP level 9. HP: 45/45 MP: 14/18
  5940 | D:6      | Noticed Maggie
  6082 | Temple   | Entered the Ecumenical Temple
  6534 | D:6      | Killed Maggie
  6535 | D:6      | Reached skill level 1 in Shields
  6538 | D:6      | Reached skill level 9 in Earth Magic
  6634 | D:6      | Noticed a two-headed ogre
  6807 | D:6      | Killed a two-headed ogre
  7321 | D:6      | Killed Natasha
  7470 | D:6      | Noticed Natasha
  7473 | D:6      | Killed Natasha
  7940 | D:7      | Learned a level 3 spell: Swiftness
  7967 | D:7      | Found an iron altar of Okawaru.
  8197 | D:7      | Reached XP level 10. HP: 50/50 MP: 12/20
  8400 | D:7      | Reached skill level 10 in Earth Magic
  8404 | D:7      | Reached skill level 1 in Air Magic
  8603 | D:7      | Found an ornate altar of the Wu Jian Council.
  9121 | D:7      | Found an ancient bone altar of Kikubaaqudgha.
  9268 | D:7      | Found a hazy altar of Hepliaklqana.
  9486 | D:8      | Found a shimmering altar of Xom.
  9988 | D:8      | Noticed Harold
  9996 | D:8      | Killed Harold
 10060 | D:8      | Noticed Prince Ribbit
 10075 | D:8      | Killed Prince Ribbit
 10210 | D:8      | Noticed Maurice
 10214 | D:8      | Killed Maurice
 10422 | D:8      | Noticed Psyche
 10431 | D:8      | Killed Psyche
 10506 | D:8      | You fall into a shaft and drop 1 floor!
 10512 | D:9      | Reached skill level 11 in Earth Magic
 10512 | D:9      | Found Wioziuv Dave's Assorted Antiques.
 10512 | D:9      | Noticed Joseph
 11280 | D:9      | Noticed Gastronok
 11293 | D:9      | Killed Gastronok
 11294 | D:9      | Reached skill level 10 in Conjurations
 11294 | D:9      | Reached XP level 11. HP: 54/54 MP: 1/23
 11451 | D:9      | Killed Joseph
 12250 | D:9      | Found Kapoe's Jewellery Emporium.
 12401 | D:10     | Entered Level 10 of the Dungeon
 12664 | D:10     | Found a blossoming altar of Fedhas.
 12770 | D:10     | Noticed a two-headed ogre
 12778 | D:10     | Killed a two-headed ogre
 12779 | D:10     | Reached skill level 12 in Earth Magic
 13087 | D:10     | Found a sacrificial altar of Ru.
 13386 | D:10     | Found a radiant altar of Vehumet.
 13394 | D:10     | Found a shimmering blue altar of Sif Muna.
 13395 | D:10     | Found a snail-covered altar of Cheibriados.
 13398 | D:10     | Became a worshipper of Vehumet
 13573 | D:11     | Identified the +12 mace "Puthrom" {vorpal, rPois Int+4
                  | Dex+2}
 13883 | D:11     | Identified a scroll of acquirement
 13883 | D:11     | Acquired 1043 gold pieces
 13902 | D:11     | Found a staircase to the Orcish Mines.
 13919 | D:11     | Reached * piety under Vehumet
 13919 | D:11     | Offered knowledge of Foxfire by Vehumet.
 14015 | D:11     | Noticed a cyclops
 14021 | D:11     | Killed a cyclops
 14848 | D:12     | Reached XP level 12. HP: 28/59 MP: 1/25
 14876 | D:12     | Noticed a seven-headed hydra
 14991 | D:12     | Learned a level 4 spell: Leda's Liquefaction
 14996 | D:12     | Learned a level 4 spell: Petrify
 15198 | D:12     | Found a shimmering altar of Xom.
 15374 | D:11     | Found a staircase to the Lair.
 15388 | D:11     | Reached skill level 13 in Earth Magic
 15523 | Lair:1   | Entered Level 1 of the Lair of Beasts
 15562 | Lair:1   | Found a frozen archway.
 15568 | Lair:1   | Reached skill level 10 in Spellcasting
 15579 | IceCv    | Entered an ice cave
 15820 | IceCv    | Offered knowledge of Scorch by Vehumet.
 16193 | IceCv    | Reached ** piety under Vehumet
 17234 | IceCv    | Learned a level 2 spell: Scorch
 17248 | IceCv    | Found the +4 skin of Zhor {*Englaciate rC+++ SInv}
 17248 | IceCv    | Noticed a reaper
 17924 | Lair:1   | Got Sif Muna's Tome of Creative Clay
 18086 | Lair:1   | Learned a level 5 spell: Borgnjor's Vile Clutch
 18100 | Lair:1   | Noticed a seven-headed hydra
 18104 | Lair:1   | Killed a seven-headed hydra
 18105 | Lair:1   | Reached skill level 14 in Earth Magic
 18116 | Lair:1   | Noticed Erica
 18141 | Lair:1   | Offered knowledge of Searing Ray by Vehumet.
 18493 | Lair:1   | Identified the +0 scale mail "Adigaji" {rC- rN++}
 18719 | Lair:1   | Noticed a five-headed hydra
 18724 | Lair:1   | Reached *** piety under Vehumet
 18733 | Lair:1   | Reached XP level 13. HP: 61/63 MP: 9/28
 19180 | Lair:1   | Offered knowledge of Airstrike by Vehumet.
 19614 | Lair:1   | Killed Erica
 19842 | Lair:2   | Noticed Fannar
 19849 | Lair:2   | Killed Fannar
 20233 | Lair:2   | Reached **** piety under Vehumet
 20440 | Lair:2   | Reached skill level 15 in Earth Magic
 20807 | Lair:3   | Offered knowledge of Iskenderun's Mystic Blast by Vehumet.
 22569 | Lair:4   | Found a hole to the Spider Nest.
 22575 | Lair:4   | Noticed Sonja
 22579 | Lair:4   | Killed Sonja
 23539 | Lair:2   | Acquired the ring of the Seven Demons {rPois rC+ SInv}
 23638 | Lair:4   | Found a staircase to the Snake Pit.
 24578 | Lair:5   | Noticed Urug
 24584 | Lair:5   | Killed Urug
 24605 | Lair:5   | Gained mutation: Your large and strong wings let you fly.
                  | [Gargoyle growth]
 24605 | Lair:5   | Reached XP level 14. HP: 68/68 MP: 10/30
 24680 | Lair:5   | Reached ***** piety under Vehumet
 24913 | Lair:5   | Learned a level 5 spell: Lee's Rapid Deconstruction
 24918 | Lair:5   | Learned a level 4 spell: Fulminant Prism
 25040 | Lair:5   | Reached skill level 16 in Earth Magic
 25420 | Lair:5   | Found a viscous altar of Jiyva.
 25420 | Lair:5   | Found a staircase to the Slime Pits.
 25843 | Lair:5   | Offered knowledge of Hailstorm by Vehumet.
 26516 | Lair:6   | Entered Level 6 of the Lair of Beasts
 27468 | Lair:6   | Noticed a dire elephant
 27468 | Lair:6   | Noticed a dire elephant
 27469 | Lair:6   | Noticed a dire elephant
 27469 | Lair:6   | Noticed a dire elephant
 27858 | Lair:6   | Reached skill level 15 in Conjurations
 29200 | Lair:6   | Found a runed translucent gate.
 29220 | Lair:6   | Reached skill level 17 in Earth Magic
 29413 | Lair:6   | Killed a dire elephant
 30095 | Lair:6   | Killed a dire elephant
 30432 | Lair:6   | Reached skill level 5 in Stealth
 30740 | Lair:6   | Reached XP level 15. HP: 72/72 MP: 28/32
 31353 | Lair:6   | Found a runed translucent gate.
 31353 | Lair:6   | Found a runed translucent gate.
 31357 | Lair:6   | Noticed pigah's ghost (journeyman OpWn)
 31960 | D:11     | Offered knowledge of Starburst by Vehumet.
 32491 | D:12     | Noticed Josephine
 32502 | D:12     | Killed Josephine
 34082 | D:13     | Found a gate to the Vaults.
 34625 | D:14     | Learned a level 6 spell: Starburst
 34866 | D:14     | Reached skill level 1 in Fire Magic
 35490 | D:15     | Entered Level 15 of the Dungeon
 36549 | D:15     | Found a staircase to the Depths.
 36611 | D:15     | Found a runed translucent gate.
 36611 | D:15     | Found a runed translucent gate.
 36611 | D:15     | Found a runed translucent gate.
 36612 | D:15     | Noticed Jais Joink's ghost (adept FoFi)
 36994 | D:13     | Offered knowledge of Iron Shot by Vehumet.
 36997 | D:13     | Identified the +0 robe "Waucs" {Rampage rF- rC+++ Dex-5
                  | SInv}
 37005 | D:13     | Learned a level 6 spell: Iron Shot
 37325 | D:13     | Reached XP level 16. HP: 76/76 MP: 10/34
 38131 | Orc:1    | Entered Level 1 of the Orcish Mines
 38135 | Orc:1    | Reached skill level 18 in Earth Magic
 38138 | Orc:1    | Noticed Erolcha
 38266 | Orc:1    | Cast into level 2 of the Abyss (Erolcha)
 38338 | Abyss:2  | Noticed a bone dragon
 38356 | Abyss:2  | Found a corrupted altar of Lugonu.
 38426 | Abyss:2  | Learned a level 2 spell: Passwall
 38431 | Abyss:2  | Noticed a tentacled starspawn
 38699 | Abyss:2  | Found a corrupted altar of Lugonu.
 38710 | Abyss:2  | Gained mutation: You are frail. (-10% HP) [a neqoxec]
 38764 | Abyss:2  | Collided with a rock wall

Illustrated notes

Levels and vault maps discovered:
D:1:      ebering_trefoil_3fold, layout_rooms, basic_ecumenical_altar,
          minivault_24, minmay_misc_feat_doors, minmay_pentomino_r4
D:2:      layout_basic, basic_altar, interstate_on_off, uniq_robin
D:3:      layout_loops_ring, mainiacjoe_overflow_paths,
          kennysheep_pointless_box, uniq_sigmund, uniq_natasha, uniq_grinder
D:4:      layout_gridville, cheibrodos_sewer_entry_drain,
          kennysheep_generic_room_13
D:5:      layout_basic, minmay_temple_entry_statues, minmay_fractal_squares_5,
          uniq_duvessa, uniq_ijyb, uniq_blork_the_orc
D:6:      layout_basic, nicolae_ossuary_entry_ruins, kennysheep_diamond,
          uniq_maggie
D:7:      layout_loops_ring, okawaru_altar_gauntlet_db,
          nicolae_wu_jian_glorious_leap, general_overflow_altar,
          mainiacjoe_overflow_tiny_flanked
D:8:      layout_rooms, lemuel_round_altar, uniq_prince_ribbit1, uniq_maurice,
          uniq_harold, uniq_psyche
D:9:      layout_small_grid, serial_shops, nicolae_shop_stone,
          nicolae_shop_advertising_works [nicolae_subvault_shop_adworks],
          uniq_gastronok, uniq_joseph
D:10:     layout_cave_pools, kennysheep_little_box, grunt_temple_overflow_open
D:11:     layout_rooms, david_lair_shrubbed, erik_orc_3,
          introduction_to_nature_1
D:12:     layout_rooms, brannock_xom_greatest_gift, uniq_josephine
D:13:     layout_loops_ring, skrybe_vaults_entry_preservation, special_room
          [special_room_orc], kennysheep_decorative_pillar,
          minmay_misc_feat_plants
D:14:     layout_rooms, nicolae_two_hexagons, minivault_11,
          grunt_decor_resistance
D:15:     grunt_enter_depths_hoard, layout_long_grid, gammafunk_ghost_spectres,
          kennysheep_crisscross
Temple:   minmay_temple_curvy_loop
Lair:1:   beast_lair_carwin_large_1, layout_loops_ring, serial_rivers,
          chequers_serial_rivers_marsh, chequers_serial_rivers_large_a,
          chequers_serial_rivers_small_b, chequers_serial_rivers_micro_b,
          special_room [special_room_bee], portal_ice_cave_rime,
          nzn_random_ring, serial_bayou_shore_a, uniq_erica
Lair:2:   layout_roguey, minmay_lair_oklob_items, uniq_fannar
Lair:3:   layout_cave_pods, nicolae_lair_grove_arrangements
Lair:4:   layout_small_grid, minmay_snake_entry_guardpost_large,
          spider_nest_entry_webs, infiniplex_staircase_pool_2, uniq_sonja
Lair:5:   layout_cave_pods, dpeg_slime_entry_enclosed_altar, roderic_batcave,
          minmay_stone_trees_medium, kilobyte_rumbling_trees, uniq_urug
Lair:6:   due_jungle_book, layout_regular_city, gammafunk_ghost_hydra_chop,
          chequers_serial_rivers_micro_b
Orc:1:    layout_caves, serial_shops, shop, mines2_david, uniq_snorg,
          uniq_erolcha
Abyss:2:  base: D:3, hangedman_relentless_pull, evilmike_abyss_exit_kraken,
          minivault_27, minivault_20

Skill      XL: |  1  2  3  4  5  6  7  8  9 10 11 12 13 14 15 16 |
---------------+-------------------------------------------------+-----
Conjurations   | 1 2 3 4 5 6 8 10 11 12 14 15 16 | 16.5
Earth Magic    | 4 5 6 7 8 9 11 12 14 15 17 18 | 18.0
Spellcasting   | 3 4 5 6 7 8 9 11 12 13 14 | 14.3
Shields        | 4 |  4.0
Air Magic      | 2 4 |  4.7
Dodging        | 3 4 |  4.8
Stealth        | 5 6 7 |  7.1
Fire Magic     | 3 4 |  4.1
Transmutations | |  0.7

Action                   |  1- 3 |  4- 6 |  7- 9 | 10-12 | 13-15 | 16-18 || total
-------------------------+-------+-------+-------+-------+-------+-------++-------
Melee: Unarmed           |     4 |       |       |       |       |       ||     4
       Hand axe          |     4 |    12 |       |       |       |       ||    16
       Staff             |       |       |    16 |    12 |    39 |    21 ||    88
       Mace              |       |       |       |    10 |       |       ||    10
 Cast: Sandblast         |    47 |    25 |    42 |   118 |   178 |     2 ||   412
       Stone Arrow       |       |     7 |    99 |   330 |   497 |    22 ||   955
       Borgnjor's Vile C |       |       |       |     4 |    52 |       ||    56
       Petrify           |       |       |       |     2 |     2 |       ||     4
       Leda's Liquefacti |       |       |       |     1 |     1 |       ||     2
       Lee's Rapid Decon |       |       |       |       |   101 |     1 ||   102
       Fulminant Prism   |       |       |       |       |    13 |     1 ||    14
       Iron Shot         |       |       |       |       |     7 |    24 ||    31
       Swiftness         |       |       |       |       |     1 |       ||     1
       Passwall          |       |       |       |       |       |    14 ||    14
Evoke: Condenser vane    |       |       |       |       |     2 |       ||     2
  Use: Potion            |       |     3 |     1 |     4 |       |     1 ||     9
       Scroll            |       |       |     6 |    18 |    21 |     1 ||    46
Armor: Robe              |     9 |     4 |    35 |    66 |       |       ||   114
       Troll leather arm |       |       |       |    22 |       |       ||    22
       Leather armour    |       |       |       |    88 |   312 |    69 ||   469
Dodge: Dodged            |    18 |    11 |    38 |   175 |   300 |    53 ||   595
Block: Buckler           |       |       |     5 |    73 |   110 |    38 ||   226

Table legend: (Time is in decaauts)
 A = Elapsed time spent in this place.
 B = Non-inter-level travel time spent in this place.
 C = Inter-level travel time spent in this place.
 D = Time resting spent in this place.
 E = Time spent auto-exploring this place.
 F = Levels seen in this place.
 G = Mean time per level.
                   A        B        C        D        E       F      G
               +--------+--------+--------+--------+--------+-----+--------+
         Total |  38889 |  36428 |   2461 |  12420 |  18740 |  25 | 1555.6 |
       Dungeon |  21718 |  20159 |   1559 |   5824 |  11768 |  15 | 1447.9 |
        Temple |    257 |    194 |     63 |      0 |    190 |   1 |  257.0 |
          Lair |  14619 |  13781 |    838 |   5017 |   6725 |   6 | 2436.5 |
  Orcish Mines |     11 |     11 |      0 |      0 |      0 |   1 |   11.0 |
         Abyss |    498 |    498 |      0 |    131 |     31 |   1 |  498.0 |
      Ice Cave |   1784 |   1784 |      0 |   1448 |     25 |   1 | 1784.0 |
               +--------+--------+--------+--------+--------+-----+--------+

Top non-repeatable levels by time:
  Lair:5: 4077 daAuts
  Lair:6: 3400 daAuts
    D:11: 2750 daAuts
  Lair:1: 2494 daAuts
     D:4: 1808 daAuts
   IceCv: 1784 daAuts
     D:7: 1779 daAuts
  Lair:3: 1765 daAuts
    D:13: 1689 daAuts
  Lair:4: 1620 daAuts
     D:5: 1596 daAuts
     D:9: 1496 daAuts
    D:15: 1494 daAuts
     D:8: 1404 daAuts
    D:14: 1381 daAuts
